 Dungeon Crawl Stone Soup version 0.17-a0-2064-g265a032 (webtiles) character file.

347 inmateoo the Stinger (level 6, -5/37 HPs)
             Began as a Gargoyle Venom Mage on Oct 12, 2015.
             Slain by an ogre
             ... wielding a +0 giant club
              (13 damage)
             ... on level 5 of the Dungeon.
             The game lasted 00:07:55 (4329 turns).

inmateoo the Stinger (Gargoyle Venom Mage)          Turns: 4329, Time: 00:07:55

Health: -5/37      AC: 12    Str: 11    XL:     6   Next: 59%
Magic:  9/9        EV:  6    Int: 16    God:
Gold:   184        SH:  8    Dex: 12    Spells: 1 memorised, 8 levels left

rFire  + . .     SeeInvis .     k - +1 spear (pierce)
rCold  . . .     Clarity  .     x - +0 scale mail
rNeg   + + .     SustAt   .     l - +2 shield {rN+}
rPois  ∞         Gourm    .     (no helmet)
rElec  +         Spirit   .     (no cloak)
rCorr  .         Warding  .     e - +1 pair of gloves
rMut   .         Stasis   .     (no boots)
MR     .....                    (no amulet)
Stlth  +.........               v - ring of wizardry
                                a - ring of protection from fire

@: not resistant to hostile enchantments, very unstealthy
A: negative energy resistance 1, electricity resistance, unbreathing,
petrification resistance, rot immunity, AC +4
a: no special abilities


You were on level 5 of the Dungeon.
You were near starving.

You visited 1 branch of the dungeon, and saw 6 of its levels.

You collected 184 gold pieces.

Inventory:

Hand Weapons
 k - a +1 spear of piercing (weapon)
Missiles
 i - 59 poisoned needles
Armour
 e - a +1 pair of gloves (worn)
 l - a +2 shield of positive energy (worn)
 x - a +0 scale mail (worn)
Jewellery
 a - a ring of protection from fire (left hand)
 v - a ring of wizardry (right hand)
Wands
 n - a wand of magic darts (18)
Scrolls
 p - 2 scrolls of remove curse
 s - a scroll of teleportation
Potions
 f - a potion of brilliance
 h - a potion of cure mutation {unknown}
 j - a potion of haste
 m - a potion of agility {unknown}
 o - a potion of heal wounds {unknown}
 q - a potion of magic {unknown}
 t - a potion of curing {unknown}
 u - a potion of might {unknown}
Books
 b - a Young Poisoner's Handbook

   Spells                             Type                      Level
   a - Sting                          Conjuration/Poison           1
   b - Cure Poison                    Poison                       2
   c - Mephitic Cloud                 Conjuration/Poison/Air       3
   d - Olgreb's Toxic Radiance        Poison                       4
   e - Venom Bolt                     Conjuration/Poison           5
Comestibles
 c - 3 bread rations
 d - 4 meat rations
 g - a beef jerky
 r - a slice of pizza


   Skills:
 + Level 3.3 Fighting
 * Level 4.3 Polearms
 - Level 0.4 Armour
 - Level 1.8 Dodging
 - Level 2.3 Stealth
 - Level 0.2 Shields
 - Level 2.0 Spellcasting
 - Level 4.3 Poison Magic


You had 8 spell levels left.
You knew the following spells:

 Your Spells              Type           Power        Failure   Level  Hunger
a - Sting                 Conj/Pois      #...         97%         1    #......


Dungeon Overview and Level Annotations

Branches:
Dungeon (6/15)
 Temple: D:4-7

Altars:

Annotations:
D:4 Ajdolov's ghost, amateur FoAK


Innate Abilities, Weirdness & Mutations

You are resistant to torment.
Your stone body is resilient (AC +4).
You are immune to poison.
You resist negative energy.
You are resistant to electric shocks.
You can survive without breathing.
You are immune to petrification.
You are immune to rotting.


Message History

A gnoll comes into view. It is wielding a halberd.
The gnoll shouts!
You block the giant frog's attack.
Found a pair of boots and a meat ration.
The gnoll barely misses you.
The giant frog hits you but does no damage.
The gnoll hits you with a flail. You block the giant frog's attack.
There is a stone staircase leading up here.
You block the giant frog's attack.
You climb upwards.
The ogre hits you with a giant club!
* * * LOW HITPOINT WARNING * * *
There is a stone staircase leading down here.
Unknown command.
You closely miss the giant frog.
The giant frog is almost dead.
The giant frog hits you.
* * * LOW HITPOINT WARNING * * *
The ogre hits you with a giant club!
You die...

#. .# .. . .##
#.# # #O# ###
#@## ###..
##F# ####...#
#.##
###...####
#..#####.O.###
##.##....###
#.....###
#...###
#.....#
#......#


You could see an ogre and a giant frog.

Vanquished Creatures
  A sky beast (D:6)
  A hound (D:4)
  3 orc wizards
  5 adders
  8 worms
  9 orcs
  A ball python (D:1)
  2 giant cockroaches
  12 hobgoblins
  4 jackals
  4 quokkas
  2 bats (D:2)
  8 giant newts
  9 goblins
  8 kobolds
  A quokka skeleton (D:4)
  5 rats
83 creatures vanquished.

Notes
Turn   | Place    | Note
--------------------------------------------------------------
     0 | D:1      | inmateoo the Gargoyle Venom Mage began the quest for the Orb.
     0 | D:1      | Reached XP level 1. HP: 10/10 MP: 3/3
   226 | D:1      | Reached XP level 2. HP: 13/15 MP: 5/5
  1124 | D:2      | Reached XP level 3. HP: 6/19 MP: 6/6
  1459 | D:2      | Reached skill level 1 in Polearms
  2058 | D:2      | Reached skill level 1 in Fighting
  2138 | D:2      | Reached XP level 4. HP: 13/25 MP: 7/7
  3023 | D:3      | Reached XP level 5. HP: 30/30 MP: 8/8
  3607 | D:4      | Noticed Ajdolov's ghost (amateur FoAK)
  3958 | D:4      | Reached XP level 6. HP: 34/36 MP: 9/9
  4071 | D:5      | Entered Level 5 of the Dungeon
  4306 | D:6      | Noticed a white ugly thing
  4329 | D:5      | Slain by an ogre

Vault maps used:
D:1:      evilmike_arrival_crescent
D:3:      first_bread
D:4:      lemuel_coloured_pillars_altar
D:5:      vehumet_altar_wand_db, lemuel_round_altar

Action                   |  1- 3 |  4- 6 || total
-------------------------+-------+-------++-------
Melee: Unarmed           |    16 |       ||    16
       Spear             |   115 |   273 ||   388
 Cast: Sting             |    17 |       ||    17
  Use: Scroll            |     5 |     5 ||    10
 Stab: Sleeping          |     2 |     3 ||     5
  Eat: Chunk             |     3 |     7 ||    10
